 Dungeon Crawl Stone Soup version 0.24-a0-434-gd57e52fea8 (webtiles) character file.

Game seed: 12616223944271466884

110 PgLoLo the Magician (level 4, -1/32 HPs)
             Began as a Gnoll Wizard on June 15, 2019.
             Slain by a leopard gecko (3 damage)
             ... on level 2 of the Dungeon.
             The game lasted 00:05:09 (2134 turns).

PgLoLo the Magician (Gnoll Wizard)                  Turns: 2134, Time: 00:05:09

Health: -1/32      AC:  4    Str:  9    XL:     4   Next: 91%
Magic:  10/13      EV: 14    Int: 22    God:
Gold:   33         SH:  0    Dex: 13    Spells: 12/17 levels left

rFire    . . .     SeeInvis .   b - +0 hunting sling
rCold    . . .     Gourm    .   (no shield)
rNeg     . . .     Faith    .   r - +0 robe
rPois    .         Spirit   .   l - +0 helmet
rElec    .         Reflect  .   (no cloak)
rCorr    .         Harm     .   (no gloves)
MR       .....                  m - +0 pair of boots
Stlth    +++.......             (no amulet)
HPRegen  0.10/turn              (no ring)
MPRegen  0.13/turn              (no ring)

@: no status effects
A: distributed training, fangs 1, strong nose
a: no special abilities


You were on level 2 of the Dungeon.
You were not hungry.

You visited 1 branch of the dungeon, and saw 3 of its levels.

You collected 33 gold pieces.

Inventory:

Hand Weapons
 a - a +1 flail of holy wrath
 b - a +0 hunting sling (weapon)
 o - a +0 mace
 s - a +0 dagger
Missiles
 i - 5 sling bullets (quivered)
Armour
 l - a +0 helmet (worn)
 m - a +0 pair of boots (worn)
 n - a +0 hat
 r - a +0 robe (worn)
 t - a scarf of resistance
Jewellery
 e - a cursed ring of attention {unknown}
Scrolls
 c - 3 scrolls of remove curse {unknown}
 g - a scroll of identify {unknown}
 j - a scroll of enchant weapon {unknown}
 k - a scroll of blinking {unknown}
 p - a scroll of immolation {unknown}
 q - a scroll of enchant armour {unknown}
Potions
 h - 2 potions of heal wounds {unknown}
Comestibles
 d - 7 rations
 f - a chunk of flesh


   Skills:
 + Level 1.2 Fighting
 + Level 1.2 Short Blades
 + Level 1.2 Long Blades
 + Level 1.2 Axes
 + Level 1.2 Maces & Flails
 + Level 1.2 Polearms
 + Level 1.2 Staves
 + Level 1.2 Slings
 + Level 1.2 Bows
 + Level 1.2 Crossbows
 + Level 1.2 Throwing
 + Level 1.2 Armour
 + Level 4.7 Dodging
 + Level 4.3 Stealth
 + Level 1.2 Shields
 + Level 1.2 Unarmed Combat
 + Level 7.2 Spellcasting
 + Level 2.3 Conjurations
 + Level 1.0 Hexes
 + Level 1.0 Charms
 + Level 2.3 Summonings
 + Level 1.0 Necromancy
 + Level 2.3 Translocations
 + Level 1.0 Transmutations
 + Level 1.0 Fire Magic
 + Level 1.0 Ice Magic
 + Level 1.0 Air Magic
 + Level 1.0 Earth Magic
 + Level 1.0 Poison Magic
 + Level 1.4 Invocations
 + Level 1.2 Evocations


You had 12 spell levels left.
You knew the following spells:

 Your Spells              Type           Power        Failure   Level  Hunger
a - Magic Dart            Conj           ###.         3%          1    None
b - Blink                 Tloc           N/A          4%          2    None
s - Call Imp              Summ           ###.....     4%          2    None

Your spell library contained the following spells:

 Spells                   Type           Power        Failure   Level  Hunger
 Slow                     Hex            ##......     8%          2    None
 Conjure Flame            Conj/Fire      ###.....     12%         3    None
 Mephitic Cloud           Conj/Pois/Air  ##......     13%         3    None


Dungeon Overview and Level Annotations

Branches:
Dungeon (3/15)

Altars:
Elyvilon
Makhleb


Innate Abilities, Weirdness & Mutations

Your experience applies equally to all skills.
You have very sharp teeth.
Your uncanny sense of smell can sniff out nearby items.


Message History

A magic dart appears from out of thin air!
The magic dart hits you!
Okay, then.
The leopard gecko misses you. The leopard gecko barely misses you.
The leopard gecko bites you.
* * * LOW HITPOINT WARNING * * *
An ooze comes into view.
You see here a +0 whip.
The ooze quivers.
A magic dart appears from out of thin air!
The magic dart hits you.
* * * LOW HITPOINT WARNING * * *
There is a stone staircase leading up here.
The leopard gecko bites you.
* * * LOW HITPOINT WARNING * * *
You climb upwards.
Reactivating autopickup.
There is a stone staircase leading down here.
The leopard gecko bites you.
You die...

#...........####......
#.#######.............
#.##......#.#.........
#.##.######.#.###.....
#.##.# #.#.# #.....
#.##.# ##.#.###.#.##
#.##.# #............
#.##.#####..#.#.##..##
#....@l..>..#.........
####.#####..###.##..##
#.# ##......##..## #.#
##...######....
#.###.###.#####.###
#.##..# #.......#
#.##..###.#######
#........## #
#....##### #


You could see a leopard gecko.

Vanquished Creatures
  3 adders
  4 orcs
  6 bats
  5 giant cockroaches
  4 hobgoblins
  A quokka (D:2)
  2 frilled lizards
  6 goblins
  5 kobolds
  6 rats
42 creatures vanquished.

Vanquished Creatures (collateral kills)
  2 orc priests
  An adder (D:3)
  An orc (D:3)
  A bat (D:3)
5 creatures vanquished.

Grand Total: 47 creatures vanquished

Notes
Turn   | Place    | Note
-------+----------+-------------------------------------------
     0 | D:1      | PgLoLo the Gnoll Wizard began the quest for the Orb.
     0 | D:1      | Reached XP level 1. HP: 13/13 MP: 8/8
   199 | D:1      | Reached XP level 2. HP: 19/19 MP: 5/10
   746 | D:1      | Learned a level 2 spell: Blink
   749 | D:1      | Learned a level 2 spell: Call Imp
   763 | D:2      | Reached XP level 3. HP: 17/25 MP: 4/11
  1129 | D:2      | Reached skill level 1 in Invocations
  1316 | D:2      | Reached skill level 1 in Fighting
  1316 | D:2      | Reached skill level 1 in Short Blades
  1316 | D:2      | Reached skill level 1 in Long Blades
  1316 | D:2      | Reached skill level 1 in Axes
  1316 | D:2      | Reached skill level 1 in Maces & Flails
  1316 | D:2      | Reached skill level 1 in Polearms
  1316 | D:2      | Reached skill level 1 in Staves
  1316 | D:2      | Reached skill level 1 in Slings
  1316 | D:2      | Reached skill level 1 in Bows
  1316 | D:2      | Reached skill level 1 in Crossbows
  1316 | D:2      | Reached skill level 1 in Throwing
  1316 | D:2      | Reached skill level 1 in Armour
  1316 | D:2      | Reached skill level 1 in Shields
  1316 | D:2      | Reached skill level 1 in Unarmed Combat
  1316 | D:2      | Reached skill level 1 in Evocations
  1316 | D:2      | Reached XP level 4. HP: 32/32 MP: 13/13
  1661 | D:2      | Found a burning altar of Makhleb.
  1661 | D:2      | Found a white marble altar of Elyvilon.
  1891 | D:3      | Reached skill level 1 in Hexes
  1891 | D:3      | Reached skill level 1 in Charms
  1891 | D:3      | Reached skill level 1 in Necromancy
  1891 | D:3      | Reached skill level 1 in Transmutations
  1891 | D:3      | Reached skill level 1 in Fire Magic
  1891 | D:3      | Reached skill level 1 in Ice Magic
  1891 | D:3      | Reached skill level 1 in Air Magic
  1891 | D:3      | Reached skill level 1 in Earth Magic
  1891 | D:3      | Reached skill level 1 in Poison Magic
  2134 | D:2      | Slain by a leopard gecko

Levels and vault maps discovered:
D:1:      lightli_arrival_flooded_house, layout_rooms, kennysheep_minor_cross,
          kennysheep_boxes
D:2:      layout_loops_ring, gammafunk_temple_overflow_elements
D:3:      layout_rooms

Skill      XL: |  1  2  3  4 |
---------------+-------------+-----
Conjurations   | 2 |  2.3
Summonings     | 2 |  2.3
Translocations | 2 |  2.3
Invocations    | 1 |  1.4
Fighting       | 1 |  1.2
Short Blades   | 1 |  1.2
Long Blades    | 1 |  1.2
Axes           | 1 |  1.2
Maces & Flails | 1 |  1.2
Polearms       | 1 |  1.2
Staves         | 1 |  1.2
Slings         | 1 |  1.2
Bows           | 1 |  1.2
Crossbows      | 1 |  1.2
Throwing       | 1 |  1.2
Armour         | 1 |  1.2
Shields        | 1 |  1.2
Unarmed Combat | 1 |  1.2
Evocations     | 1 |  1.2
Hexes          | 1 |  1.0
Charms         | 1 |  1.0
Necromancy     | 1 |  1.0
Transmutations | 1 |  1.0
Fire Magic     | 1 |  1.0
Ice Magic      | 1 |  1.0
Air Magic      | 1 |  1.0
Earth Magic    | 1 |  1.0
Poison Magic   | 1 |  1.0
Dodging        | |  4.7
Stealth        | |  4.3
Spellcasting   | |  7.2

Action                   |  1- 3 |  4- 6 || total
-------------------------+-------+-------++-------
Melee: Dagger            |       |    42 ||    42
       Flail             |       |     3 ||     3
       Bite              |       |     3 ||     3
       Hunting sling     |       |     1 ||     1
 Fire: Hunting sling     |    38 |    31 ||    69
 Cast: Magic Dart        |    24 |     7 ||    31
       Call Imp          |     3 |     8 ||    11
  Eat: Chunk             |     1 |     3 ||     4
Armor: Robe              |     5 |    22 ||    27
Dodge: Dodged            |    17 |    67 ||    84

Table legend:
 A = Non-vault XP
 B = Vault XP
 C = Vault XP percentage of total XP
 D = Non-vault monster count
 E = Vault monster count
 F = Vault count percentage of total count
                 A         B        C        D         E       F
            +---------+---------+-------+---------+---------+-------
      Total |     158 |       0 |   0.0 |      47 |       0 |   0.0
            +---------+---------+-------+---------+---------+-------
        D:1 |      17 |       0 |   0.0 |      13 |       0 |   0.0
        D:2 |      76 |       0 |   0.0 |      19 |       0 |   0.0
        D:3 |      65 |       0 |   0.0 |      15 |       0 |   0.0
            +---------+---------+-------+---------+---------+-------
